 Dungeon Crawl Stone Soup version 0.30-a0-1085-g990a428a5c (webtiles) character file.

Game seed: 4114625615264570867

492 cheesebisquit the Magician (level 7, 0/53 HPs)
             Began as a Djinni Conjurer on Apr 17, 2023.
             Slain by an orc
             ... wielding a +2 trident of freezing
              (3 damage)
             ... on level 6 of the Dungeon.
             The game lasted 00:07:44 (3105 turns).

cheesebisquit the Magician (Djinni Conjurer)        Turns: 3105, Time: 00:07:44

Health: 0/53       AC:  3    Str:  6    XL:     7   Next: 37%
Gold:   133        EV: 12    Int: 22    God:
                   SH:  0    Dex: 11

rFire   + + .      SeeInvis .    d - +1 dagger
rCold   x . .      Faith    .    (no shield)
rNeg    . . .      Spirit   .    a - +0 robe
rPois   ∞          Reflect  .    (no helmet)
rElec   .          Rampage  .    (no cloak)
rCorr   .                        g - +0 pair of gloves
Will    .....                    (boots unavailable)
Stlth   ++                       t - amulet of regeneration
HPRegen 1.08/turn                (no ring)
MPRegen 0.00/turn                (no ring)

@: flying
A: sickness immunity, fire resistance 2, cold vulnerability 1, float, innate
caster, HP casting, extra vitality 1
a: no special abilities


You were on level 6 of the Dungeon.
You visited 1 branch of the dungeon, and saw 6 of its levels.

You collected 133 gold pieces.

Inventory:

Hand Weapons
 d - a +1 dagger (weapon)
Missiles
 j - 2 silver boomerangs
Armour
 a - a +0 robe (worn)
 g - a +0 pair of gloves (worn)
Jewellery
 t - an amulet of regeneration (around neck)
Wands
 s - a wand of mindburst (12)
 u - a wand of iceblast (13)
Scrolls
 b - a scroll of fog
 e - a scroll of immolation {unknown}
 k - a scroll of enchant weapon
 m - a scroll of teleportation {unknown}
 n - a scroll of vulnerability {unknown}
 p - a scroll of poison {unknown}
 r - a scroll of butterflies {unknown}
 v - a scroll of noise {unknown}
Potions
 c - a potion of brilliance {unknown}
 h - a potion of mutation {unknown}
 i - a potion of haste {unknown}
 l - a potion of attraction {unknown}
 o - a potion of invisibility {unknown}
 q - a potion of heal wounds {unknown}
 w - a potion of resistance {unknown}


   Skills:
 + Level 4.9 Fighting
 - Level 2.1 Dodging
 - Level 1.5 Stealth
 + Level 5.1 Spellcasting


You knew the following spells:

 Your Spells              Type           Power      Damage    Failure   Level
a - Magic Dart            Conj           100%       1d8       1%          1
b - Searing Ray           Conj           56%        2d6       1%          2
c - Dazzling Flash        Conj/Hex       56%        N/A       3%          3
d - Fulminant Prism       Conj/Hex       14%        3d8       12%         4
e - Iskenderun's Mystic   Conj/Tloc      28%        2d7       12%         4
f - Beastly Appendage     Tmut           56%        N/A       1%          1
g - Blink                 Tloc           56%        N/A       1%          2
h - Inner Flame           Hex/Fire       28%        N/A       3%          3
Your spell library was empty.

Dungeon Overview and Level Annotations

Branches:
Dungeon (7/15)
 Temple: D:4-7

Altars:


Innate Abilities, Weirdness & Mutations

You are immune to sickness and miasma.
You are immune to poison.
Your flesh is very heat resistant. (rF++)
You are vulnerable to cold. (rC-)
You float through the air rather than walking.
You learn spells naturally, not from books.
Your magical power is your life essence.
You have superior vitality. (+4 MHP)


Message History

The orc freezes you.
The magic dart hits the orc but does no damage.
The orc hits you from afar with a +2 trident of freezing.
The orc freezes you.
The magic dart hits the orc but does no damage.
The orc misses you.
The magic dart hits the orc!
The orc is almost dead.
The orc hits you from afar with a +2 trident of freezing.
The orc freezes you.
You are too injured to fight recklessly!
You are too injured to fight recklessly!
Aiming: Magic Dart (safe; 1% risk of failure)
Press: ? - help, Q - select action, (/) - cycle Shift-Dir - straight line, f/p - orc
Aim: an orc, wielding a +2 trident of freezing and wearing a +0 chain mail (almost dead, 100% to hit)
The magic dart hits the orc but does no damage.
The orc is almost dead.
The orc hits you from afar with a +2 trident of freezing!
The orc freezes you.
* * * LOW HITPOINT WARNING * * *
Aiming: Magic Dart (safe; 1% risk of failure)
Press: ? - help, Q - select action, (/) - cycle Shift-Dir - straight line, f/p - orc
Aim: an orc, wielding a +2 trident of freezing and wearing a +0 chain mail (almost dead, 100% to hit)
The magic dart hits the orc but does no damage.
The orc is almost dead.
* * * LOW HITPOINT WARNING * * *
The orc hits you from afar with a +2 trident of freezing.
* * * LOW HITPOINT WARNING * * *
The orc freezes you.
* * * LOW HITPOINT WARNING * * *
Aiming: Magic Dart (safe; 1% risk of failure)
Press: ? - help, Q - select action, (/) - cycle Shift-Dir - straight line, f/p - orc
Aim: an orc, wielding a +2 trident of freezing and wearing a +0 chain mail (almost dead, 100% to hit)
The magic dart hits the orc but does no damage.
The orc is almost dead.
* * * LOW HITPOINT WARNING * * *
The orc hits you from afar with a +2 trident of freezing.
* * * LOW HITPOINT WARNING * * *
The orc freezes you.
You die...

.. ##### .#
.o.####...# .#
..o.......# .#
...####...### .#
...o.......## o#
#######.#...##†#
#......#..@?#
#.##)#...##.# #
#.##.## .#
#.##.# .# #....#
.# #.#### .# ..#
.# #.# .# #.#


You could see an orc.

Vanquished Creatures
  An ice beast (D:7)
  A bullfrog (D:6)
  A scorpion (D:7)
  A jelly (D:6)
  2 hounds
  An orc wizard (D:7)
  A sleepcap (D:4)
  5 adders
  An ufetubus (D:3)
  A worm (D:2)
  2 dart slugs (D:1)
  9 orcs
  5 ball pythons
  7 bats
  4 endoplasms
  3 giant cockroaches
  7 goblins
  5 hobgoblins
  8 jackals (D:2)
  6 kobolds
  2 quokkas (D:4)
  6 frilled lizards
  3 rats
82 creatures vanquished.

Notes
Turn   | Place    | Note
-------+----------+-------------------------------------------
     0 | D:1      | cheesebisquit the Djinni Conjurer began the quest for the
                  | Orb.
     0 | D:1      | cheesebisquit set off with the following spells memorised:
                  | Magic Dart, Searing Ray, Dazzling Flash, Fulminant Prism,
                  | Iskenderun's Mystic Blast.
     0 | D:1      | Reached XP level 1. HP: 15/15 MP: 0/0
    87 | D:1      | Reached skill level 1 in Fighting
    87 | D:1      | Reached XP level 2. HP: 14/22 MP: 0/0
   321 | D:1      | Reached XP level 3. HP: 17/27 MP: 0/0
   321 | D:1      | Learned a level 1 spell: Beastly Appendage
  1000 | D:2      | Reached XP level 4. HP: 25/33 MP: 0/0
  1860 | D:2      | Reached skill level 4 in Spellcasting
  2180 | D:3      | Reached XP level 5. HP: 39/40 MP: 0/0
  2180 | D:3      | Learned a level 2 spell: Blink
  2892 | D:4      | You are sucked into a shaft and drop 3 floors!
  2897 | D:7      | Noticed an ice beast
  2928 | D:7      | Killed an ice beast
  2929 | D:7      | Reached XP level 6. HP: 36/47 MP: 0/0
  3047 | D:6      | Reached XP level 7. HP: 32/53 MP: 0/0
  3047 | D:6      | Learned a level 3 spell: Inner Flame
  3061 | D:6      | Reached skill level 5 in Spellcasting
  3105 | D:6      | Slain by an orc

Illustrated notes

Levels and vault maps discovered:
D:1:      amcnicky_arrival_gap_in_the_tavern_cellar, layout_basic,
          nicolae_kite_square_tiling_tiny, minivault_4
D:2:      layout_basic
D:3:      layout_loops_cross, minmay_misc_feat_tower
D:4:      layout_cave_pools
D:6:      layout_loops_ring, nicolae_overflow_hidden_temple,
          minmay_temple_entry_statues_pillars
D:7:      layout_cave_pools

Skill      XL: |  1  2  3  4  5  6  7 |
---------------+----------------------+-----
Fighting       | 1 2 4 |  4.9
Spellcasting   | 4 5 |  5.1
Dodging        | |  2.1
Stealth        | |  1.5

Action                     |  1- 3 |  4- 6 |  7- 9 || total
---------------------------+-------+-------+-------++-------
  Melee: Unarmed           |       |    15 |       ||    15
   Cast: Magic Dart        |    63 |   140 |    26 ||   229
    Use: Potion            |       |     7 |       ||     7
         Scroll            |       |     2 |       ||     2
 Armour: Robe              |     2 |    20 |       ||    22
         Skin              |       |    32 |       ||    32
  Dodge: Dodged            |     1 |    49 |     9 ||    59

Table legend: (Time is in decaauts)
 A = Elapsed time spent in this place.
 B = Non-inter-level travel time spent in this place.
 C = Inter-level travel time spent in this place.
 D = Time resting spent in this place.
 E = Time spent auto-exploring this place.
 F = Levels seen in this place.
 G = Mean time per level.
                   A        B        C        D        E       F      G
               +--------+--------+--------+--------+--------+-----+--------+
         Total |   3101 |   2879 |    222 |      0 |   2424 |   6 |  516.8 |
       Dungeon |   3101 |   2879 |    222 |      0 |   2424 |   6 |  516.8 |
               +--------+--------+--------+--------+--------+-----+--------+

Top non-repeatable levels by time:
     D:2: 1154 daAuts
     D:1: 926 daAuts
     D:3: 671 daAuts
     D:4: 137 daAuts
     D:7: 136 daAuts
     D:6: 74 daAuts
